 Dungeon Crawl Stone Soup version 0.21-a0-581-gb7d493ddfc (webtiles) character file.

31 Banto the Caller (level 2, 0/34 HPs)
             Began as a Demigod Wanderer on Dec 19, 2017.
             Slain by a water moccasin zombie (1 damage)
             ... on level 2 of the Dungeon.
             The game lasted 00:02:00 (1649 turns).

Banto the Caller (Demigod Wanderer)                 Turns: 1649, Time: 00:02:00

Health: 0/34       AC: 21    Str: 15    XL:     2   Next: 90%
Magic:  0/6        EV:  2    Int: 14    God:
Gold:   31         SH:  0    Dex: 17    Spells: 2/3 levels left

rFire    . . .     SeeInvis .   a - +2 dagger
rCold    . . .     Gourm    .   (no shield)
rNeg     + + +     Faith    .   (armour currently unavailable)
rPois    +         Spirit   .   (helmet currently unavailable)
rElec    .         Reflect  .   (cloak currently unavailable)
rCorr    .         Harm     .   (gloves currently unavailable)
MR       .....     NoTele   +   (boots currently unavailable)
Stlth    ++........             (no amulet)
HPRegen  0.11/turn              (no ring)
MPRegen  0.10/turn              (no ring)

@: tree-form (expiring), very slightly contaminated
A: high mp 1
a: no special abilities


You were on level 2 of the Dungeon.
You were not hungry.
You were a tree.
You visited 1 branch of the dungeon, and saw 2 of its levels.

You collected 31 gold pieces.

Inventory:

Hand Weapons
 a - a +2 dagger (weapon)
Missiles
 g - 7 stones (quivered)
Armour
 e - a +0 robe (melded)
Scrolls
 b - a scroll of fear
Potions
 h - a potion of magic {unknown}
 i - a potion of heal wounds {unknown}
Books
 c - Uhoun's Almanac of Earth

   Spells                             Type                      Level
   a - Sandblast                      Earth                        1
   b - Stone Arrow                    Conjuration/Earth            3
Comestibles
 f - 2 rations


   Skills:
 - Level 1.0 Fighting
   Level 1.0 Staves
 + Level 2.8 Stealth
 - Level 1.3 Spellcasting
   Level 3.6 Summonings
 + Level 1.1 Earth Magic
   Level 1.0 Evocations


You had 2 spell levels left.
You knew the following spells:

 Your Spells              Type           Power        Failure   Level  Hunger
a - Sandblast             Erth           #.....       16%         1    ##.....


Dungeon Overview and Level Annotations

Branches:
Dungeon (2/15)


Innate Abilities, Weirdness & Mutations

You have an increased reservoir of magic. (+10% MP)


Message History

Confirm with . or Enter, or press ? or * to list all spells.
Aiming: Sandblast
Press: ? - help, Shift-Dir - straight line, f/p - water moccasin zombie
Aim: a water moccasin zombie (almost destroyed)
The blast of sand hits the water moccasin zombie.
The water moccasin zombie is almost destroyed.
g - 7 stones The water moccasin zombie completely misses you.
You now have 0/6 mp.
You closely miss the water moccasin zombie.
The water moccasin zombie is almost destroyed.
Your transformation is almost over.
The water moccasin zombie bites you but does no damage.
You barely miss the water moccasin zombie.
The water moccasin zombie is almost destroyed.
The water moccasin zombie bites you but does no damage.
You barely miss the water moccasin zombie.
The water moccasin zombie is almost destroyed.
The water moccasin zombie bites you.
You die...

,,**** *,****,*
##........# ,,,,,*
*,,,,,,* #.......÷<#
,,**,* ********
#.........# ,,**,**
#.........# ,,,,,,*
#########........##
*,**..*
#....<..#.#.....##
*,**..#
#.#####.#.##...##
,,,,..# #.# #.#.###.##
,,**#.# #.# #♣#.# #.#
*** #.# ##.## #Z#.# #.#
#####.###...## #.#.# #.#
...##.##.....###.#.###.#
##.#...................#
#....##.....###...#####
####.....#.## #####
#####...# #####


You could see a water moccasin zombie.

Vanquished Creatures
  A worm (D:2)
  A leopard gecko (D:1)
  3 bats
  A giant cockroach (D:1)
  3 goblins (D:1)
  5 hobgoblins (D:1)
  7 kobolds (D:1)
  3 frilled lizards (D:1)
  3 rats
27 creatures vanquished.

Notes
Turn   | Place    | Note
-------+----------+-------------------------------------------
     0 | D:1      | Banto the Demigod Wanderer began the quest for the Orb.
     0 | D:1      | Banto set off with: a +2 dagger, a scroll of fear, Uhoun's Almanac of Earth, a potion of lignification, a +0 robe, a ration
     0 | D:1      | Reached XP level 1. HP: 16/16 MP: 4/4
     0 | D:1      | Identified Uhoun's Almanac of Earth
     6 | D:1      | Learned a level 1 spell: Sandblast
   385 | D:1      | Reached XP level 2. HP: 21/23 MP: 6/6
  1265 | D:2      | Reached skill level 1 in Earth Magic
  1644 | D:2      | HP: 1/34 [water moccasin zombie (3)]
  1649 | D:2      | Slain by a water moccasin zombie

Vault maps used:
D:1:      dpeg_arrival_shelter
D:2:      grunt_temple_overflow_order_and_chaos_1

Skill      XL: |  1  2 |
---------------+-------+-----
Stealth        | 2 |  2.8
Earth Magic    | 1 |  1.1
Fighting       | |  1.0
Staves         | |  1.0
Spellcasting   | |  1.3
Summonings     | |  3.6
Evocations     | |  1.0

Action                   || total
-------------------------++-------
Melee: Dagger            ||    96
 Cast: Sandblast         ||    15
  Use: Scroll            ||     3
       Potion            ||     1
 Stab: Sleeping          ||     5
  Eat: Chunk             ||     3
Armor: Robe              ||    15
       Skin              ||     5
Dodge: Dodged            ||    57

Table legend:
 A = Spawn XP
 B = Non-spawn XP
 C = Spawn XP percentage of total XP
 D = Spawn monster count
 E = Non-spawn monster count
 F = Spawn count percentage of total count
 G = Total turns spent on level
                    A         B        C        D         E        F      G
               +---------+---------+-------+---------+---------+-------+---------
         Total |       0 |      45 |   0.0 |       0 |      27 |   0.0 |  1649
               +---------+---------+-------+---------+---------+-------+---------
           D:1 |       0 |      36 |   0.0 |       0 |      23 |   0.0 |  1431
           D:2 |       0 |       9 |   0.0 |       0 |       4 |   0.0 |   218
               +---------+---------+-------+---------+---------+-------+---------

Table legend:
 A = Turns spent in this place as a percentage of turns spent in the entire game.
 B = Non-inter-level travel turns spent in this place as a percentage of non-inter-level travel turns spent in the entire game.
 C = Inter-level travel turns spent in this place as a percentage of turns spent in this place.
 D = Turns resting spent in this place as a percentage of non-inter-level travel turns spent in this place.
 E = Turns spent auto-exploring this place as a percentage of non-inter-level travel turns spent in this place.
 F = Non-inter-level travel turns spent in this place divided by the number of levels of this place that you've seen.
                   A       B       C       D       E      F
               +-------+-------+-------+-------+-------+----------------------
         Total | 100.0 | 100.0 |   2.5 |  48.7 |  32.1 | 803.5
       Dungeon | 100.0 | 100.0 |   2.5 |  48.7 |  32.1 | 803.5
               +-------+-------+-------+-------+-------+----------------------

Table legend:
 A = Kills in this place as a percentage of kills in entire the game.
 B = Kills by you in this place as a percentage of kills by you in the entire game.
 C = Kills by friends in this place as a percentage of kills by friends in the entire game.
 D = Other kills in this place as a percentage of other kills in the entire game.
 E = Experience gained in this place as a percentage of experience gained in the entire game.
 F = Experience gained in this place divided by the number of levels of this place that you have seen.
                   A       B       C       D       E      F
               +-------+-------+-------+-------+-------+----------------------
         Total | 100.0 | 100.0 |   N/A |   N/A | 100.0 |  22.5
       Dungeon | 100.0 | 100.0 |   N/A |   N/A | 100.0 |  22.5
               +-------+-------+-------+-------+-------+----------------------
